Map: Romanticide LE

Players

Hellraiser

  • Race: Protoss Protoss

SKillous - Winner!

  • Race: Protoss Protoss

Event: DreamHack SC2 Masters 2021 Fall

VOD

Have the link to the VOD?

Description

Time

  • Played on: Aug. 11, 2021, 11:06 a.m.
  • Length: 13:22

All games in this series

Show
View Real Time Build Order
Export as new Build Order

Hellraiser Protoss 

Build Orders: Oracle Opening 

Get SALT Encoding   

  12  0:00  Probe  
  13  0:12  Probe  
  14  0:19  Pylon  
  14  0:24  Probe (Chrono Boost)  
  15  0:37  Gateway, Probe (Chrono Boost)  
  16  0:45  Probe (Chrono Boost)  
  16  0:46  Assimilator  
  17  0:51  Probe (Chrono Boost)  
  17  0:54  Assimilator  
  18  1:04  Probe (Chrono Boost)  
  19  1:08  Gateway  
  19  1:13  Probe (Chrono Boost)  
  19  1:18  Probe  
  20  1:24  Cybernetics Core  
  21  1:30  Probe  
  22  1:42  Probe  
  23  1:51  Pylon  
  23  2:02  Warp Gate  
  23  2:09  Adept x2, Probe  
  28  2:17  Pylon  
  28  2:21  Probe  
  29  2:30  Stargate  
  29  2:33  Probe  
  30  2:40  Stalker  
  30  2:41  Stalker  
  34  3:03  Nexus  
  34  3:10  Probe  
  34  3:11  Oracle (Chrono Boost)  
  38  3:21  Shield Battery  
  38  3:26  Pylon  
  38  3:35  Pylon  
  38  3:39  Shield Battery  
  37  3:47  Pylon  
  37  3:49  Void Ray (Chrono Boost)  
  41  4:13  Stalker  
  43  4:17  Gateway  
  43  4:22  Adept, Void Ray (Chrono Boost)  
  45  4:24  Pylon  
  49  4:37  Probe  
  49  4:38  Robotics Facility  
  50  4:49  Probe  
  51  4:57  Stalker  
  51  5:01  Zealot  
  53  5:13  Pylon  
  53  5:17  Gateway, Zealot  
  55  5:25  Void Ray  
  55  5:28  Probe  
  52  5:40  Probe  
  47  5:55  Immortal (Chrono Boost)  
  51  5:57  Probe  
  52  6:09  Probe  
  53  6:15  Sentry  
  53  6:16  Zealot  
  57  6:25  Pylon  
  58  6:35  Immortal (Chrono Boost)  
  58  6:39  Probe  
  63  6:55  Adept x2  
  66  7:09  Warp Prism (Chrono Boost)  
  68  7:17  Pylon  
  68  7:21  Adept  
  70  7:35  Adept  
  73  7:39  Observer (Chrono Boost)  
  73  7:55  Nexus  
  73  7:57  Probe  
  74  8:09  Probe  
  72  8:22  Immortal  
  72  8:23  Probe (Chrono Boost)  
  77  8:35  Probe (Chrono Boost)  
  77  8:39  Pylon  
  78  8:42  Probe (Chrono Boost)  
  79  8:57  Probe  
  79  8:58  Void Ray (Chrono Boost)  
  84  9:10  Probe  
  84  9:13  Probe  
  86  9:18  Observer  
  86  9:22  Probe  
  88  9:25  Probe  
  89  9:34  Stargate, Probe  
  89  9:36  Shield Battery  
  89  9:37  Probe  
  91  9:41  Void Ray (Chrono Boost)  
  91  9:44  Sentry  
  93  9:46  Probe  
  98  9:57  Assimilator  
  98  9:59  Assimilator  
  98  10:00  Pylon  
  98  10:02  Probe  
  98  10:03  Probe  
  100  10:16  Pylon  
  100  10:18  Void Ray (Chrono Boost)  
  100  10:20  Void Ray (Chrono Boost)  
  108  10:40  Nexus  
  108  10:51  Probe  
  108  10:55  Void Ray x2 (Chrono Boost)  
  117  11:06  Shield Battery  
  117  11:08  Shield Battery  
  117  11:11  Nexus  
  117  11:15  Nexus  
  117  11:23  Shield Battery  
  117  11:32  Pylon  
  117  11:35  Void Ray  
  117  11:36  Nexus  
  117  11:44  Probe  
  105  11:56  Probe  
  105  11:57  Robotics Bay  
  105  12:01  Adept x2  
  109  12:05  Void Ray  
  109  12:12  Pylon  
  113  12:16  Shield Battery  
  113  12:17  Void Ray  
  105  12:27  Probe  
  94  12:38  Probe  
  94  12:41  Disruptor (Chrono Boost)  
  95  12:45  Nexus  
  95  12:46  Pylon  
  102  12:57  Pylon  
  102  12:59  Adept x2  
Show
View Real Time Build Order
Export as new Build Order

SKillous Protoss - Winner!

Build Orders:  

Get SALT Encoding   

  12  0:00  Probe  
  13  0:12  Probe  
  14  0:17  Pylon  
  14  0:24  Probe (Chrono Boost)  
  15  0:36  Probe (Chrono Boost)  
  15  0:38  Gateway  
  16  0:45  Probe (Chrono Boost)  
  16  0:46  Assimilator  
  17  0:51  Probe  
  17  0:54  Assimilator  
  18  1:03  Probe (Chrono Boost)  
  19  1:08  Gateway  
  20  1:12  Probe (Chrono Boost)  
  20  1:17  Probe (Chrono Boost)  
  20  1:25  Cybernetics Core  
  21  1:29  Probe  
  22  1:37  Pylon  
  22  1:41  Probe  
  23  1:55  Probe  
  24  2:01  Stalker, Warp Gate (Chrono Boost)  
  24  2:02  Stalker  
  28  2:12  Pylon  
  28  2:29  Pylon  
  28  2:31  Stalker  
  28  2:32  Stalker  
  28  2:36  Probe  
  33  2:51  Gateway, Robotics Facility  
  32  3:01  Stalker  
  34  3:05  Stalker  
  36  3:21  Pylon  
  36  3:35  Warp Prism (Chrono Boost)  
  38  3:42  Shield Battery  
  38  3:50  Stalker x2  
  42  3:57  Stalker  
  44  4:05  Pylon, Observer  
  45  4:13  Stalker  
  47  4:32  Stalker x2  
  47  4:36  Sentry  
  53  4:40  Pylon  
  53  5:00  Adept x3  
  59  5:10  Pylon  
  49  5:40  Observer, Stalker x3  
  49  5:58  Twilight Council  
  49  6:02  Observer  
  49  6:08  Sentry  
  49  6:09  Sentry  
  53  6:13  Stalker  
  53  6:14  Observer  
  53  6:17  Probe  
  56  6:27  Observer  
  56  6:29  Probe  
  56  6:30  Blink (Chrono Boost)  
  57  6:47  Pylon  
  57  6:57  Observer  
  57  7:02  Nexus  
  57  7:09  Shield Battery  
  57  7:11  Observer  
  57  7:13  Sentry  
  60  7:15  Probe  
  60  7:22  Stalker  
  62  7:28  Probe  
  62  7:36  Observer  
  62  7:37  Shield Battery  
  62  7:39  Shield Battery  
  62  7:45  Stalker  
  62  7:50  Sentry  
  66  7:53  Sentry  
  68  8:04  Probe  
  69  8:16  Probe (Chrono Boost)  
  70  8:20  Probe (Chrono Boost)  
  70  8:22  Forge  
  71  8:27  Probe (Chrono Boost)  
  71  8:30  Probe (Chrono Boost)  
  73  8:34  Charge  
  73  8:36  Probe (Chrono Boost)  
  73  8:38  Probe (Chrono Boost)  
  74  8:43  Probe x2 (Chrono Boost)  
  74  8:47  Assimilator  
  76  8:48  Assimilator  
  76  8:50  Protoss Ground Weapons Level 1 (Chrono Boost)  
  76  8:54  Probe x2  
  78  9:02  Gateway  
  78  9:05  Gateway  
  78  9:06  Probe  
  79  9:17  Templar Archives  
  79  9:20  Gateway  
  79  9:23  Gateway  
  79  9:28  Probe x2  
  81  9:45  Nexus  
  81  9:48  Pylon  
  81  10:04  High Templar x2  
  81  10:06  Probe x2  
  87  10:07  Pylon  
  87  10:14  High Templar x2, Zealot  
  87  10:18  Archon, Probe  
  87  10:19  Archon  
  94  10:22  Pylon  
  94  10:25  Pylon, Probe  
  95  10:36  Gateway x2  
  95  10:37  High Templar  
  95  10:40  High Templar  
  95  10:42  Zealot  
  101  10:44  Archon  
  101  10:45  Zealot  
  101  10:46  Archon  
  101  10:47  Archon x2  
  101  10:48  Probe  
  104  10:51  Probe  
  105  10:58  Protoss Ground Weapons Level 2 (Chrono Boost)  
  105  11:03  Probe x2  
  107  11:11  Zealot x3  
  111  11:15  Zealot  
  115  11:19  High Templar  
  115  11:20  Zealot  
  115  11:22  High Templar  
  121  11:26  Pylon  
  121  11:30  Archon  
  121  11:33  Zealot  
  121  11:34  Zealot x2  
  127  11:42  Zealot x4  
  117  11:54  Zealot x4  
  117  11:57  Zealot  
  127  12:01  Pylon  
  127  12:05  High Templar x2, Zealot  
  133  12:09  Archon  
  133  12:10  Zealot  
  135  12:21  Zealot x4  
  127  12:32  Stalker x2  
  127  12:33  Stalker  
  131  12:37  High Templar  
  131  12:38  High Templar  
  131  12:41  Archon  
  131  12:42  Zealot x3  
  131  12:44  Zealot  
  143  12:47  Pylon  
  143  13:05  Zealot x6  
  151  13:07  Zealot  

Tags
 
Add a new tag
Caveats
  • Supply blocks, unpowered buildings, or Contaminate may cause inaccurate times.
  • Supply counts are checked every 10 seconds.